 Dungeon Crawl Stone Soup version 0.17-a0-1850-g688e747 (webtiles) character file.

767 enrike the Shield-Bearer (level 7, -5/61 HPs)
             Began as a Minotaur Fighter on Sept 18, 2015.
             Was a Follower of Sif Muna.
             Killed by divine providence
             ... invoked by an orc priest
              (10 damage)
             ... on level 4 of the Dungeon on Sept 20, 2015.
             The game lasted 00:19:22 (3915 turns).

enrike the Shield-Bearer (Minotaur Fighter)         Turns: 3915, Time: 00:19:23

Health: -5/61      AC: 10    Str: 23    XL:     7   Next: 52%
Magic:  6/6        EV:  5    Int:  5    God:    Sif Muna [*.....]
Gold:   166        SH: 16    Dex:  9    Spells: 0 memorised, 6 levels left

rFire  . . .     SeeInvis .     a - +0 long sword
rCold  . . .     Clarity  .     m - +0 chain mail
rNeg   . . .     SustAt   .     o - +0 large shield
rPois  .         Gourm    .     (helmet restricted)
rElec  .         Spirit   .     (no cloak)
rCorr  .         Warding  .     (no gloves)
rMut   .         Stasis   .     (no boots)
MR     .....                    (no amulet)
Stlth  ..........               (no ring)
                                (no ring)

@: not resistant to hostile enchantments, extremely unstealthy
A: retaliatory headbutt, horns 2
a: Channel Energy, Renounce Religion


You were on level 4 of the Dungeon.
You worshipped Sif Muna.
Sif Muna was aware of your devotion.
You were not hungry.

You visited 1 branch of the dungeon, and saw 4 of its levels.

You collected 166 gold pieces.

Inventory:

Hand weapons
 a - a +0 long sword (weapon)
Armour
 b - a +0 scale mail
 c - a +0 shield
 h - a +0 leather armour
 j - a +0 ring mail
 m - a +0 chain mail (worn)
 o - a +0 large shield (worn)
 y - a +0 ring mail
 C - a cursed +0 leather armour
 D - a +0 chain mail
Magical devices
 B - a wand of cold (3)
Scrolls
 f - 2 scrolls of teleportation
 i - 3 scrolls of remove curse
 u - a scroll of blinking
 v - 3 scrolls of recharging
Potions
 d - a potion of might
 e - a potion of haste
 k - a potion of resistance {unknown}
 n - 2 potions of heal wounds {unknown}
 q - 2 potions of agility {unknown}
 r - a potion of flight {unknown}
 s - a potion of poison {unknown}
 t - 2 potions of curing {unknown}
 w - a potion of cure mutation {unknown}
 A - a potion of brilliance {unknown}
Comestibles
 g - a meat ration
 l - a fruit
 p - 3 bread rations
 x - 2 beef jerkies


   Skills:
 + Level 5.0 Fighting
 + Level 4.5 Long Blades
 + Level 6.1 Armour
 + Level 2.5 Dodging
 + Level 0.3 Stealth
 + Level 7.1 Shields


You had 6 spell levels left.
You didn't know any spells.

Dungeon Overview and Level Annotations

Branches:
Dungeon (4/15)
 Temple: D:4-7

Altars:
Cheibriados
Sif Muna
Trog


Innate Abilities, Weirdness & Mutations

You reflexively headbutt those who attack you in melee.
You have a pair of horns on your head.


Message History

The orc hits you but does no damage.
You hit the orc.
You kill the orc!
The orc priest looks braver for a moment.
You block the orc priest's attack.
You hit the orc priest but do no damage.
You headbutt the orc priest!
The orc priest is heavily wounded.
The orc priest hits you but does no damage.
The orc hits you but does no damage.
You barely miss the orc priest. You headbutt the orc priest.
The orc priest is severely wounded.
The orc priest hits you but does no damage.
You closely miss the orc priest.
You headbutt the orc priest, but do no damage.
The orc priest is severely wounded.
You block the orc's attack.
The orc priest invokes the aid of Beogh against you.
Something smites you!
You die...

#.......##........
#.......####..####
#.............# #
#.......####.## #
#####.### #. #
#.######..####
########.............
##.........######.####
####### #...o@.....#
.......
##.....#####...oo.....#
##.####
...............#.####.#
# ##.....#####...#.#
#.# # ####### #...#.#
#.# . #...#.# #.. .
#...#.# #### .. #####
#...#.# .. ....#
###.#.# ...


You could see 2 orc priests and an orc.

Vanquished Creatures
  Pikel (D:4)
  The ghost of dadoka the Cudgeler, an average OgSk of Gozag (D:4)
  A giant frog zombie (D:4)
  5 adders (D:3)
  An ooze (D:1)
  A worm (D:3)
  4 giant geckos
  6 orcs
  5 giant cockroaches
  16 goblins
  11 hobgoblins
  2 jackals (D:3)
  2 quokkas (D:2)
  5 bats
  2 giant newts (D:1)
  5 kobolds
  5 rats
73 creatures vanquished.

Vanquished Creatures (others)
  A worm (D:4)
1 creature vanquished.

Grand Total: 74 creatures vanquished

Notes
Turn   | Place    | Note
--------------------------------------------------------------
     0 | D:1      | enrike the Minotaur Fighter began the quest for the Orb.
     0 | D:1      | Reached XP level 1. HP: 19/19 MP: 0/0
    48 | D:1      | Reached XP level 2. HP: 27/27 MP: 1/1
   172 | D:1      | Reached skill level 4 in Shields
   876 | D:1      | Reached XP level 3. HP: 31/33 MP: 2/2
  2053 | D:3      | Reached XP level 4. HP: 40/40 MP: 3/3
  2168 | D:3      | Found a bloodstained altar of Trog.
  2178 | D:3      | Became a worshipper of Trog the Wrathful
  2642 | D:3      | Found a snail-covered altar of Cheibriados.
  2725 | D:3      | Reached skill level 5 in Shields
  2732 | D:3      | Found a faded altar to an unknown god.
  2759 | D:3      | Fell from the grace of Trog
  2759 | D:3      | Became a worshipper of Sif Muna the Loreminder
  2759 | D:3      | Acquired Sif Muna's first power
  3054 | D:4      | Noticed dadoka's ghost (average OgSk)
  3074 | D:4      | Killed dadoka's ghost
  3074 | D:4      | Reached skill level 5 in Armour
  3074 | D:4      | Reached skill level 1 in Dodging
  3074 | D:4      | Reached XP level 5. HP: 22/47 MP: 4/4
  3074 | D:4      | Reached XP level 6. HP: 24/53 MP: 5/5
  3351 | D:4      | Noticed a slave
  3351 | D:4      | Noticed a slave
  3351 | D:4      | Noticed a slave
  3352 | D:4      | Noticed Pikel
  3380 | D:4      | Killed Pikel
  3380 | D:4      | Reached skill level 5 in Fighting
  3380 | D:4      | Reached skill level 6 in Armour
  3380 | D:4      | Reached skill level 7 in Shields
  3380 | D:4      | Reached XP level 7. HP: 14/61 MP: 6/6
  3915 | D:4      | Killed from afar by an orc priest

Vault maps used:
D:1:      erik_arrival_blinker_ship, minmay_fountain_box, grunt_decor_resistance
D:3:      old_standard_altar, lemuel_crystal_altar, ecumenical_altar_2,
          first_bread
D:4:      overflow_temple_1_default, minitemple, uniq_pikel, uniq_eustachio

Action                   |  1- 3 |  4- 6 |  7- 9 || total
-------------------------+-------+-------+-------++-------
Melee: Long sword        |   150 |    98 |    13 ||   261
  Use: Scroll            |     3 |       |     6 ||     9
  Eat: Bread ration      |     1 |     1 |       ||     2
       Fruit             |       |     1 |       ||     1
